 Dungeon Crawl Stone Soup version 0.26-a0-1013-gf6ffb0d6bd (webtiles) character file.

Game seed: 17673688621573384888

308 lunkers the Chiller (level 6, -4/41 HPs)
             Began as a Vampire Ice Elementalist on Dec 8, 2020.
             Was a Believer of Vehumet.
             Slain by a mummy (9 damage)
             ... in an ossuary.
             The game lasted 00:07:21 (3212 turns).

lunkers the Chiller (Vampire Ice Elementalist)      Turns: 3212, Time: 00:07:21

Health: -4/41      AC: 12    Str:  7    XL:     6   Next: 16%
Magic:  8/11       EV: 12    Int: 20    God:    Vehumet [**....]
Gold:   144        SH:  4    Dex: 14    Spells: 4/11 levels left

rFire    . . .     SeeInvis +   r - +2 whip (pain)
rCold    . . .     Faith    .   l - +0 buckler
rNeg     . . .     Spirit   .   a - +0 robe
rPois    .         Reflect  .   p - +0 helmet
rElec    .         Harm     .   v - +0 cloak
rCorr    .         Rampage  .   j - +0 pair of gloves
Will     .....                  (no boots)
Stlth    ++........             (no amulet)
HPRegen  0.33/turn              (no ring)
MPRegen  0.12/turn              (no ring)

@: icy armour, regenerating quickly
A: fangs 3, see invisible, unbreathing
a: Exsanguinate, Renounce Religion


You were in an ossuary.
You worshipped Vehumet.
Vehumet was pleased with you.
You visited 1 branch of the dungeon, and saw 4 of its levels.
You also visited: Ossuary.

You collected 144 gold pieces.

Inventory:

Hand Weapons
 e - a +0 dagger
 r - a +2 whip of pain (weapon)
 u - a +4 quarterstaff of chaos
Armour
 a - a +0 robe (worn)
 j - a +0 pair of gloves (worn)
 l - a +0 buckler (worn)
 p - a +0 helmet (worn)
 v - a +0 cloak (worn)
Magical Staves
 q - an uncursed staff of earth
Wands
 t - a wand of flame (15)
Scrolls
 b - a scroll of enchant weapon {unknown}
 c - 3 scrolls of identify {unknown}
 g - 2 scrolls of random uselessness {unknown}
 h - 3 scrolls of remove curse {unknown}
 i - a scroll of fog {unknown}
 n - a scroll of teleportation {unknown}
 o - 2 scrolls of amnesia {unknown}
 s - a scroll of blinking {unknown}
Potions
 d - 2 potions of lignification {unknown}
 f - a potion of flight {unknown}
 k - 2 potions of brilliance {unknown}
 m - a potion of haste {unknown}


   Skills:
 - Level 2.1 Dodging
 - Level 3.0 Stealth
 + Level 2.1 Shields
 + Level 3.4 Spellcasting
 * Level 6.1 Ice Magic


You had 4 spell levels left.
You knew the following spells:

 Your Spells              Type           Power        Failure   Level
a - Freeze                Ice            ####         1%          1
b - Frozen Ramparts       Ice            ####..       4%          3
c - Ozocubu's Armour      Ice            ####....     4%          3

Your spell library contained the following spells:

 Spells                   Type           Power        Failure   Level
 Searing Ray              Conj           #.....       26%         2
 Hailstorm                Conj/Ice       ###.....     43%         4
 Summon Ice Beast         Ice/Summ       ###.....     43%         4


Dungeon Overview and Level Annotations

Branches:
Dungeon (4/15)            Ossuary (1/1)
 Temple: D:4-7

Altars:
Kikubaaqudgha
Sif Muna
Vehumet


Innate Abilities, Weirdness & Mutations

Your natural rate of healing is unusually fast.
You have razor-sharp teeth.
You have supernaturally acute eyesight. (SInv)
You can survive without breathing.


Message History

The mummy hits you.
* * * LOW HITPOINT WARNING * * *
You closely miss the mummy.
The mummy is lightly damaged.
The mummy misses you.
You whack the mummy!
The mummy is heavily damaged.
You hit the mummy.
The mummy is heavily damaged.
You block the mummy's attack.
You hit the mummy.
The mummy is severely damaged.
The mummy hits you!
* * * LOW HITPOINT WARNING * * *
You hit the mummy.
The mummy is severely damaged.
You hit the mummy.
The mummy is almost destroyed.
The mummy hits you!
You die...

#...# ..... #..
#...# ....### #..
#...# .....# #..
#...# ......# #..
#...#.....∩.# #..
#...####+.... #..
#...# #.. #..M# #..
#..@##############..
#...................
#.........∩∩........
####################


You could see a mummy.

Vanquished Creatures
  Crazy Yiuf (D:3)
  An orc priest (D:3)
  2 orc wizards (D:4)
  2 big kobold zombies (Ossuary)
  6 adders
  2 worms
  A dart slug (D:2)
  2 leopard geckos
  8 orcs
  6 bats
  6 giant cockroaches
  14 goblins
  9 hobgoblins
  6 kobolds
  3 frilled lizards
  A goblin zombie (Ossuary)
  8 hobgoblin zombies (Ossuary)
  3 jackal zombies (Ossuary)
  6 kobold zombies (Ossuary)
  8 orc zombies (Ossuary)
  7 rats
  A rat zombie (Ossuary)
103 creatures vanquished.

Vanquished Creatures (others)
  An ogre (D:4)
  A giant cockroach (D:4)
  5 plants (D:4)
7 creatures vanquished.

Grand Total: 110 creatures vanquished

Notes
Turn   | Place    | Note
-------+----------+-------------------------------------------
     0 | D:1      | lunkers the Vampire Ice Elementalist began the quest for
                  | the Orb.
     0 | D:1      | Reached XP level 1. HP: 13/13 MP: 3/3
   200 | D:1      | Reached XP level 2. HP: 17/19 MP: 1/5
   818 | D:2      | Reached XP level 3. HP: 24/24 MP: 0/6
  1150 | D:2      | Reached skill level 5 in Ice Magic
  1202 | D:2      | Found a radiant altar of Vehumet.
  1250 | D:2      | Became a worshipper of Vehumet
  1502 | D:2      | Found an ancient bone altar of Kikubaaqudgha.
  1547 | D:2      | Reached XP level 4. HP: 24/30 MP: 6/8
  1881 | D:3      | Reached skill level 1 in Shields
  2319 | D:3      | Learned a level 3 spell: Frozen Ramparts
  2323 | D:3      | Learned a level 3 spell: Ozocubu's Armour
  2370 | D:3      | Reached XP level 5. HP: 35/35 MP: 3/9
  2370 | D:3      | Reached * piety under Vehumet
  2370 | D:3      | Offered knowledge of Sandblast by Vehumet.
  2648 | D:3      | Found a runed translucent door.
  2649 | D:3      | Noticed Crazy Yiuf
  2656 | D:3      | Killed Crazy Yiuf
  2745 | D:4      | Killed an ogre
  2812 | D:4      | Found a shimmering blue altar of Sif Muna.
  2849 | D:4      | Found a sand-covered staircase.
  2861 | D:4      | Reached skill level 6 in Ice Magic
  2930 | Ossuary  | Entered an ossuary
  3087 | Ossuary  | Reached XP level 6. HP: 41/41 MP: 9/11
  3144 | Ossuary  | Reached ** piety under Vehumet
  3144 | Ossuary  | Offered knowledge of Searing Ray by Vehumet.
  3212 | Ossuary  | Slain by a mummy

Illustrated notes

Levels and vault maps discovered:
D:1:      dpeg_arrival_boxorama, layout_rooms
D:2:      kennysheep_the_goblin_king, layout_basic,
          nicolae_overflow_hidden_temple, vehumet_crystals,
          nicolae_underground_beach
D:3:      layout_basic, uniq_crazy_yiuf_cottage
D:4:      layout_basic, kennysheep_mini_moat, yredelemnul_altar_generic,
          nicolae_ossuary_entry_ruins, gammafunk_ghost_gnarly_gnolls,
          xom_confusion_cloud, uniq_robin
Ossuary:  ossuary_tomb_1

Skill      XL: |  1  2  3  4  5 |
---------------+----------------+-----
Ice Magic      | 5 6 |  6.1
Shields        | 1 2 |  2.1
Spellcasting   | 3 |  3.4
Dodging        | |  2.1
Stealth        | |  3.0

Action                   |  1- 3 |  4- 6 || total
-------------------------+-------+-------++-------
Melee: Dagger            |    13 |       ||    13
       Bite              |     1 |    15 ||    16
       Whip              |       |   139 ||   139
 Cast: Freeze            |    59 |    39 ||    98
       Frozen Ramparts   |       |     4 ||     4
       Ozocubu's Armour  |       |     2 ||     2
 Stab: Sleeping          |       |     1 ||     1
Armor: Robe              |     7 |    33 ||    40
Dodge: Dodged            |    36 |    91 ||   127
Block: Buckler           |     3 |    28 ||    31

Table legend: (Time is in decaauts)
 A = Elapsed time spent in this place.
 B = Non-inter-level travel time spent in this place.
 C = Inter-level travel time spent in this place.
 D = Time resting spent in this place.
 E = Time spent auto-exploring this place.
 F = Levels seen in this place.
 G = Mean time per level.
                   A        B        C        D        E       F      G
               +--------+--------+--------+--------+--------+-----+--------+
         Total |   3226 |   3142 |     84 |     68 |   2192 |   5 |  645.2 |
       Dungeon |   2928 |   2844 |     84 |     68 |   2166 |   4 |  732.0 |
       Ossuary |    298 |    298 |      0 |      0 |     26 |   1 |  298.0 |
               +--------+--------+--------+--------+--------+-----+--------+

Top non-repeatable levels by time:
     D:2: 1005 daAuts
     D:3: 961 daAuts
     D:1: 764 daAuts
 Ossuary: 298 daAuts
     D:4: 197 daAuts
